 Dungeon Crawl Stone Soup version 0.13-a0-2584-g2e76cfd (console) character file.

53 Chozo the Charmwright (level 2, -6/23 HPs)
             Began as a Lava Orc Skald on July 31, 2013.
             Mangled by Chozo's ghost (7 damage)
             ... on Level 3 of the Dungeon.
             The game lasted 00:01:27 (788 turns).

Chozo the Charmwright (Lava Orc Skald)               Turns: 788, Time: 00:01:27

HP  -6/23        AC  3     Str 14      XL: 2   Next: 44%
MP   4/4         EV 10     Int 12      God:
Gold 36          SH  0     Dex 10      Spells:  1 memorised,  3 levels left

Res.Fire  : + + +   See Invis. : .   a - +0 orc hand axe {=f}
Res.Cold  : x . .   Warding    : .   b - +0 orc leather armour
Life Prot.: . . .   Conserve   : .   (no shield)
Res.Poison: .       Res.Corr.  : .   (no helmet)
Res.Elec. : .       Clarity    : .   (no cloak)
Sust.Abil.: . .     Spirit.Shd : .   (no gloves)
Res.Mut.  : .       Stasis     : .   (no boots)
Res.Rott. : .       Flight     : .   (no amulet)
Saprovore : + . .                    (no ring)
                                     (no ring)

@: quick, not resistant to hostile enchantments, very unstealthy
A: conserve scrolls, saprovore 1
a: no special abilities


You were on level 3 of the Dungeon.
You were not hungry.

You visited 1 branch of the dungeon, and saw 3 of its levels.

You collected 16 gold pieces.

Inventory:

Hand weapons
 a - a +0,+0 orcish hand axe (weapon) {=f}
Armour
 b - a +0 orcish leather armour (worn)
Comestibles
 d - a meat ration
Scrolls
 f - a scroll of remove curse {unknown}
 g - a scroll of teleportation {unknown}
Potions
 e - a potion of flight {unknown}
 h - a potion of curing {unknown}
Books
 c - a book of Battle

   Spells                             Type                      Level
   *Infusion                          Charms                       1
   Shroud of Golubria                 Charms/Translocation         2
   Song of Slaying                    Charms                       2
   Spectral Weapon                    Hexes/Charms                 3
   Regeneration                       Charms/Necromancy            3
   Song of Shielding                  Charms                       4


   Skills:
 + Level 2.4 Fighting
 + Level 2.7 Axes
 + Level 1.4 Armour
 - Level 0.7 Dodging
 + Level 1.8 Spellcasting
 + Level 3.0 Charms


You had 3 spell levels left.
You knew the following spells:

 Your Spells              Type           Power        Failure   Level  Hunger
a - Infusion              Chrm           #.....       10%         1    ##.....


Dungeon Overview and Level Annotations

Branches:
Dungeon (3/27)

Altars:

Annotations
D:3 Chozo's ghost, weakling LOSk


Innate Abilities, Weirdness & Mutations

You have stony skin.
You cover ground quickly.
Your flesh is almost immune to the effects of heat.
Your fire spells are more powerful.
Your flesh is vulnerable to cold.
Your heat harms attackers.
You bathe your surroundings in blazing heat.
You are too hot to use scrolls.
You are very good at protecting items from fire.
You can tolerate rotten meat.


Message History

Chozo's ghost is lightly damaged.
Chozo's ghost misses you.
You barely miss Chozo's ghost.
Chozo's ghost is lightly damaged.
Your movements quicken.
Chozo's ghost screams, "I was like you once."
Chozo's ghost hits you but does no damage.
You hit Chozo's ghost but do no damage.
Chozo's ghost is lightly damaged.
Chozo's ghost barely misses you.
You completely miss Chozo's ghost. Chozo's ghost hits you.
You barely miss Chozo's ghost. Chozo's ghost barely misses you.
You hit Chozo's ghost.
Chozo's ghost is moderately damaged.
Your stony skin melts.
Chozo's ghost hits you. Chozo's ghost hits you!
* * * LOW HITPOINT WARNING * * *
You're getting fired up.
Chozo's ghost hits you!
You die...

### ### #.# #.# ..# #.#
#.. ..# #.####.### ##
#.#......# .
#%##.#.#.#.#
######.##.#.#.#.#
#.........@.....#
...$####...p#.#.#####.#
#..<...........#
#.....#.########
#...............
..........#######.
#..##.##.### #.. #.##.#
. #.##.#


You could see Chozo's ghost.

Vanquished Creatures
  A giant gecko (D:1)
  2 giant cockroaches (D:1)
  A goblin (D:1)
  A hobgoblin (D:3)
  4 jackals (D:2)
  2 bats (D:1)
  A kobold (D:3)
  3 rats (D:1)
15 creatures vanquished.

Notes
Turn   | Place    | Note
--------------------------------------------------------------
     0 | D:1      | Chozo, the Lava Orc Skald, began the quest for the Orb.
     0 | D:1      | Reached XP level 1. HP: 16/16 MP: 3/3
   171 | D:1      | Reached skill level 3 in Charms
   187 | D:1      | Reached XP level 2. HP: 18/23 MP: 4/4
   523 | D:3      | Noticed Chozo's ghost (weakling LOSk)
   784 | D:3      | HP: 1/23 [Chozo's ghost (8)]
   788 | D:3      | Mangled by Chozo's ghost

Action                   || total
-------------------------++-------
Melee: Hand axe          ||    83
